 Dungeon Crawl Stone Soup version 0.29-a0-1052-g6990b1bffc (webtiles) character file.

Game seed: 787903428716158662

1602 xian the Cudgeller (level 8, -6/69 HPs)
             Began as a Minotaur Fighter on Aug 18, 2022.
             Was an Elder of Cheibriados.
             Killed from afar by a steam dragon (20 damage)
             ... with a ball of steam
             ... on level 6 of the Dungeon.
             The game lasted 00:17:32 (5669 turns).

xian the Cudgeller (Minotaur Fighter)               Turns: 5669, Time: 00:17:32

Health: -6/69      AC: 13    Str: 32    XL:     8   Next: 62%
Magic:  0/16       EV:  8    Int: 14    God:    Cheibriados [****..]
Gold:   326        SH: 11    Dex: 19    Spells: 7/7 levels left

rFire   x . .      SeeInvis .   E - +0 flail (vorpal)
rCold   + . .      Faith    .   f - +0 kite shield
rNeg    . . .      Spirit   +   g - +0 chain mail
rPois   .          Reflect  .   (helmet restricted)
rElec   .          Harm     .   o - +0 cloak {Will+}
rCorr   .          Rampage  .   (no gloves)
Will    +....                   k - +0 pair of boots
Stlth   ..........              x - amulet of guardian spirit
HPRegen 0.21/turn               c - ring of magical power
MPRegen 0.15/turn               r - ring of ice

@: very slow
A: horns 2, retaliatory headbutt
a: Renounce Religion, Bend Time, Temporal Distortion, Slouch


You were on level 6 of the Dungeon.
You worshipped Cheibriados.
Cheibriados was greatly pleased with you.
You visited 1 branch of the dungeon, and saw 6 of its levels.

You collected 326 gold pieces.

Inventory:

Hand Weapons
 E - a +0 vorpal flail (weapon)
Missiles
 m - 24 poisoned darts (quivered)
 y - 6 javelins
Armour
 f - a +0 kite shield (worn)
 g - a +0 chain mail (worn)
 k - a +0 pair of boots (worn)
 o - a +0 cloak of willpower (worn)
Jewellery
 c - a ring of magical power (left hand)
 n - a ring of protection from cold
 r - a ring of ice (right hand)
 x - an amulet of guardian spirit (around neck)
 z - a ring of protection from fire
Wands
 D - a wand of roots (7)
Scrolls
 d - a scroll of enchant weapon
 e - a scroll of fear
 h - a scroll of poison
 i - a scroll of immolation
 p - 3 scrolls of vulnerability
 s - a scroll of noise
 t - a scroll of amnesia
 C - a scroll of enchant armour {unknown}
Potions
 b - a potion of brilliance {unknown}
 j - a potion of lignification {unknown}
 l - 7 potions of curing
 q - 3 potions of flight {unknown}
 u - a potion of attraction {unknown}
 v - 3 potions of heal wounds {unknown}
 w - a potion of haste {unknown}
 A - a potion of ambrosia {unknown}
 B - 2 potions of mutation {unknown}


   Skills:
 + Level 5.4 Fighting
 + Level 7.9 Maces & Flails
 + Level 7.6 Armour
 + Level 1.4 Dodging
 + Level 0.6 Stealth
 + Level 7.5 Shields
 + Level 1.3 Invocations


You had 7 spell levels left.
You didn't know any spells.
Your spell library contained the following spells:

 Spells                   Type           Power      Damage    Failure   Level
 Ensorcelled Hibernation  Hex/Ice        0%         N/A       99%         2
 Passwall                 Tmut/Erth      0%         N/A       99%         2
 Swiftness                Air            0%         N/A       100%        3


Dungeon Overview and Level Annotations

Branches:
Dungeon (6/15)             Temple (0/1) D:5

Altars:
Cheibriados
Gozag
Wu Jian


Innate Abilities, Weirdness & Mutations

You have a pair of horns on your head.
You reflexively headbutt those who attack you in melee.


Message History

You can now inflict damage on those overly hasty.
Cheibriados raises the support of your attributes as your movement slows.
The centaur shoots an arrow.
The arrow hits you but does no damage. You block the orc's attack.
The centaur shoots an arrow.
You block the arrow.
The centaur shoots an arrow.
The arrow hits you but does no damage. You block the orc's attack.
The centaur shoots an arrow.
The arrow hits you but does no damage. You block the orc's attack.
Things that are here:
a +0 short sword; an iguana corpse A steam dragon comes into view.
Found a book of Vapours.
The steam dragon hisses angrily.
The centaur unwields a +0 shortbow.
The centaur hits you but does no damage.
You block the centaur's attack. The centaur hits you.
* * * LOW HITPOINT WARNING * * *
The centaur kicks you but does no damage.
You block the orc's attack.
The centaur wields a +0 shortbow.
The centaur shoots an arrow.
You block the arrow.
The centaur shoots an arrow.
The arrow hits you but does no damage. The orc barely misses you.
You see here 15 gold pieces.
The orc attacks as you move away! The orc hits you with a +0 trident.
* * * LOW HITPOINT WARNING * * *
The centaur shoots an arrow.
The arrow hits you but does no damage. You block the orc's attack.
The centaur shoots an arrow.
The arrow hits you but does no damage.
The orc hits you from afar with a +0 trident.
* * * LOW HITPOINT WARNING * * *
You block the steam dragon's attack. The steam dragon claws you.
* * * LOW HITPOINT WARNING * * *
The centaur shoots an arrow.
The arrow barely misses you. You block the orc's attack.
The steam dragon breathes steam at you.
The ball of steam hits you but does no damage.
The centaur shoots an arrow.
You block the arrow. The orc hits you but does no damage.
The steam dragon breathes steam at you. The ball of steam hits you!!
The steam scalds you terribly!
You die...

### .# #.##
#:.#
##>)###....#
##.o....#
###...c..##
#.§§@§D.##
...........#
...........#
.!....##....#
...... ......#
...(....##....#
........ ##...#
..#.. .. ....


You could see a steam dragon (catching breath), a centaur and an orc.

Vanquished Creatures
  Grinder (D:5)
  Menkaure (D:5)
  Edmund (D:5)
  A sky beast (D:6)
  2 black bears
  An ice beast (D:5)
  3 scorpions
  3 killer bees
  A hound (D:5)
  A jelly (D:6)
  An orc priest (D:4)
  Crazy Yiuf (D:2)
  4 iguanas
  3 orc wizards
  7 adders
  A shadow imp (D:5)
  A white imp (D:5)
  6 worms
  A dart slug (D:1)
  14 orcs
  7 endoplasms
  4 giant cockroaches
  6 goblins
  6 hobgoblins
  14 jackals
  6 quokkas
  6 ball pythons
  5 bats
  3 frilled lizards
  9 kobolds
  2 rats
122 creatures vanquished.

Notes
Turn   | Place    | Note
-------+----------+-------------------------------------------
     0 | D:1      | xian the Minotaur Fighter began the quest for the Orb.
     0 | D:1      | Reached XP level 1. HP: 19/19 MP: 0/0
   423 | D:1      | Reached XP level 2. HP: 22/27 MP: 1/1
   772 | D:1      | Found a faded altar of an unknown god.
   795 | D:1      | Prayed at the altar of an unknown god.
   795 | D:1      | Became a worshipper of Cheibriados the Contemplative
   795 | D:1      | Reached * piety under Cheibriados
   937 | D:1      | Reached XP level 3. HP: 27/33 MP: 2/2
  1511 | D:2      | Reached ** piety under Cheibriados
  1520 | D:2      | Reached XP level 4. HP: 37/40 MP: 3/3
  1691 | D:2      | Found a runed translucent door.
  1692 | D:2      | Noticed Crazy Yiuf
  1699 | D:2      | Killed Crazy Yiuf
  2642 | D:3      | Reached XP level 5. HP: 46/46 MP: 4/4
  3282 | D:4      | Reached *** piety under Cheibriados
  3309 | D:4      | Reached skill level 5 in Armour
  3514 | D:4      | Reached skill level 5 in Maces & Flails
  3514 | D:4      | Reached XP level 6. HP: 42/53 MP: 5/5
  3632 | D:4      | Reached skill level 1 in Dodging
  3633 | D:4      | Found an opulent altar of Gozag.
  3633 | D:4      | Found an ornate altar of the Wu Jian Council.
  4031 | D:5      | Entered Level 5 of the Dungeon
  4089 | D:4      | Reached skill level 5 in Shields
  4298 | D:5      | Noticed Grinder
  4325 | D:5      | Killed Grinder
  4326 | D:5      | Reached XP level 7. HP: 28/60 MP: 6/6
  4494 | D:5      | Found a staircase to the Ecumenical Temple.
  4668 | D:5      | Reached XP level 8. HP: 67/67 MP: 7/7
  4722 | D:5      | Reached skill level 5 in Fighting
  4722 | D:5      | Reached skill level 1 in Invocations
  4790 | D:5      | Noticed Menkaure
  5075 | D:5      | Killed Menkaure
  5098 | D:5      | Noticed Edmund
  5118 | D:5      | Killed Edmund
  5664 | D:6      | Reached **** piety under Cheibriados
  5669 | D:6      | Killed from afar by a steam dragon

Illustrated notes

Levels and vault maps discovered:
D:1:      elethiomel_arrival_maze, layout_basic, ebering_ecumenical_altar_ruins
D:2:      layout_loops_ring, uniq_crazy_yiuf_cottage
D:3:      layout_basic, fountainhead, minmay_misc_feat_plants, kennysheep_potato
D:4:      layout_rooms, chequers_temple_overflow_statue_of_worship
D:5:      layout_loops_ring, minmay_temple_entry_crystal_x, uniq_edmund,
          uniq_grinder, uniq_menkaure
D:6:      layout_layer_cave, minmay_strange_pillars

Skill      XL: |  1  2  3  4  5  6  7  8 |
---------------+-------------------------+-----
Armour         | 4 5 6 7 |  7.6
Fighting       | 4 5 |  5.4
Shields        | 4 5 6 7 |  7.5
Maces & Flails | 3 4 5 6 7 |  7.9
Dodging        | 1 |  1.4
Invocations    | 1 |  1.3
Stealth        | |  0.6

Action                   |  1- 3 |  4- 6 |  7- 9 || total
-------------------------+-------+-------+-------++-------
Melee: Flail             |    84 |   146 |    99 ||   329
       Headbutt          |     7 |    29 |    17 ||    53
Invok: Bend Time         |       |     4 |     4 ||     8
  Use: Scroll            |       |     5 |     3 ||     8
       Potion            |       |     2 |       ||     2
Armor: Scale mail        |    23 |       |       ||    23
       Chain mail        |    33 |   100 |    68 ||   201
Dodge: Dodged            |    37 |    40 |    46 ||   123
Block: Kite shield       |    50 |    82 |   100 ||   232

Table legend: (Time is in decaauts)
 A = Elapsed time spent in this place.
 B = Non-inter-level travel time spent in this place.
 C = Inter-level travel time spent in this place.
 D = Time resting spent in this place.
 E = Time spent auto-exploring this place.
 F = Levels seen in this place.
 G = Mean time per level.
                   A        B        C        D        E       F      G
               +--------+--------+--------+--------+--------+-----+--------+
         Total |   7523 |   7210 |    313 |    100 |   5138 |   6 | 1253.8 |
       Dungeon |   7523 |   7210 |    313 |    100 |   5138 |   6 | 1253.8 |
               +--------+--------+--------+--------+--------+-----+--------+

Top non-repeatable levels by time:
     D:5: 1947 daAuts
     D:1: 1693 daAuts
     D:4: 1415 daAuts
     D:2: 1354 daAuts
     D:3: 1056 daAuts
     D:6: 56 daAuts
